 Dungeon Crawl Stone Soup version 0.25-a0-700-g7f8a7979f0 (webtiles) character file.

Game seed: 1639960540184713079, levelgen mode: deterministic

798 xccam the Spear-Bearer (level 8, -6/57 HPs)
             Began as a Human Gladiator on Apr 2, 2020.
             Killed themself with a badly aimed iceblast (17 damage)
             ... on level 5 of the Dungeon.
             The game lasted 00:14:15 (5355 turns).

xccam the Spear-Bearer (Human Gladiator)            Turns: 5355, Time: 00:14:16

Health: -6/57      AC: -1    Str: 16    XL:     8   Next: 13%
Magic:  8/8        EV:  7    Int:  9    God:
Gold:   171        SH:  6    Dex: 15    Spells: 7/7 levels left

rFire    . . .     SeeInvis .   a - +0 trident
rCold    + . .     Gourm    .   F - +2 buckler
rNeg     . . .     Faith    .   H - +0 chain mail {rC+}
rPois    .         Spirit   .   c - +0 helmet
rElec    .         Reflect  .   (no cloak)
rCorr    .         Harm     .   (no gloves)
MR       .....                  j - +0 pair of boots
Stlth    ..........             h - amulet of regeneration
HPRegen  0.59/turn              (no ring)
MPRegen  0.11/turn              (no ring)

@: corroded
A: no striking features
a: no special abilities


You were on level 5 of the Dungeon.
You were not hungry.

You visited 1 branch of the dungeon, and saw 6 of its levels.

You collected 237 gold pieces.
You spent 66 gold pieces at shops.

Inventory:

Hand Weapons
 a - a +0 trident (weapon)
 b - a +0 hunting sling
 A - a +0 halberd
Missiles
 d - 3 throwing nets (quivered)
 x - 211 stones
Armour
 c - a +0 helmet (worn)
 j - a +0 pair of boots (worn)
 z - the +1 ring mail of Makhleb's Benevolence {rF+ Str-2 Dex+3}
   (You found it on level 4 of the Dungeon)

   It affects your strength (-2).
   It affects your dexterity (+3).
   It protects you from fire.
 F - a +2 buckler (worn)
 H - a +0 chain mail of cold resistance (worn)
Jewellery
 e - an uncursed amulet of rage
 h - an amulet of regeneration (around neck)
 n - an uncursed amulet of magic regeneration
 p - an uncursed amulet of the gourmand
Wands
 r - a wand of iceblast (7)
 s - a wand of acid (5)
Scrolls
 i - 2 scrolls of remove curse
 m - a scroll of identify
 o - 2 scrolls of random uselessness {unknown}
 q - a scroll of teleportation {unknown}
 t - a scroll of noise {unknown}
 u - 3 scrolls of enchant weapon {unknown}
 w - a scroll of fog
 y - 2 scrolls of immolation {unknown}
 B - a scroll of amnesia {unknown}
 C - a scroll of enchant armour {unknown}
 E - 2 scrolls of magic mapping {unknown}
 G - a scroll of fear {unknown}
Potions
 g - 2 potions of curing {unknown}
 k - 4 potions of heal wounds
 l - a potion of haste {unknown}
 v - a potion of invisibility
 D - a potion of resistance
Comestibles
 f - 9 rations
 I - 4 chunks of flesh


   Skills:
 - Level 2.3 Fighting
 - Level 8.0 Polearms
 - Level 2.3 Throwing
 + Level 1.8 Armour
 - Level 3.2 Dodging
 + Level 2.5 Shields


You had 7 spell levels left.
You didn't know any spells.
Your spell library contained the following spells:

 Spells                   Type           Power        Failure   Level  Hunger
 Animate Skeleton         Necr           N/A          100%        1    ##.....
 Apportation              Tloc           #.....       100%        1    ##.....
 Corona                   Hex            #......      100%        1    ##.....
 Summon Small Mammal      Summ           #...         100%        1    ##.....


Dungeon Overview and Level Annotations

Branches:
Dungeon (6/15)
 Temple: D:4-7

Altars:
Fedhas
The Shining One

Shops:
D:5 !?


Message History

Evoke which item? (* to show all) (? for menu, Esc to quit)
Aiming: Corrosive Bolt
Press: ? - help, Shift-Dir - straight line, f - jackal
Aim: a jackal The bolt of acid hits the jelly.
The jelly completely resists.
The jelly is severely wounded.
The bolt of acid misses the jackal.
The jelly hits you.
You are splashed with acid!
* * * LOW HITPOINT WARNING * * *
Evoke which item? (* to show all) (? for menu, Esc to quit)
Aiming: Iceblast
Press: ? - help, Shift-Dir - straight line, f/p - jackal
Aim: a jackal That beam is likely to hit you.
Continue anyway?
The mass of ice explodes!
The iceblast engulfs the jelly!
You kill the jelly!
The iceblast engulfs the jackal!
You kill the jackal!
The iceblast engulfs you! You partially resist.
You die...

.... ..... ..... ..... .....
.......### ......
#..#....#.#..
......######...#.........
.........#.#..##.........
......†.J....##........#..
........###)###.......##...#
∩.....### #@)##.......##.#..
.##..# #)).#.......##....
##. #...<........##... # ..
##<)........###>.#
...#....(###.......#
#.......###.......##
#.......###.>......##
#....................#
...........#...........


There were no monsters in sight!

Vanquished Creatures
  An ogre (D:5)
  A crimson imp (D:5)
  2 hounds (D:4)
  6 orc priests
  A jelly (D:5)
  2 orc wizards
  A bullfrog skeleton (D:5)
  An iguana (D:4)
  2 worker ants
  Robin (D:2)
  7 adders
  3 gnolls (D:3)
  An ooze (D:2)
  An adder zombie (D:5)
  An adder skeleton (D:4)
  2 worms
  2 dart slugs
  A leopard gecko (D:3)
  26 orcs
  4 bats
  3 giant cockroaches
  15 hobgoblins
  4 jackals (D:5)
  A quokka (D:5)
  4 frilled lizards
  18 goblins
  5 kobolds
  A quokka skeleton (D:4)
  7 rats
124 creatures vanquished.

Notes
Turn   | Place    | Note
-------+----------+-------------------------------------------
     0 | D:1      | xccam the Human Gladiator began the quest for the Orb.
     0 | D:1      | Reached XP level 1. HP: 16/16 MP: 1/1
    93 | D:1      | Reached XP level 2. HP: 18/22 MP: 2/2
  1122 | D:2      | Reached skill level 4 in Polearms
  1122 | D:2      | Reached XP level 3. HP: 16/27 MP: 3/3
  1674 | D:2      | Reached XP level 4. HP: 33/33 MP: 4/4
  1826 | D:2      | Noticed Robin
  1847 | D:2      | Reached skill level 5 in Polearms
  1854 | D:2      | Killed Robin
  2393 | D:3      | Reached XP level 5. HP: 29/38 MP: 5/5
  2982 | D:3      | Reached skill level 6 in Polearms
  3090 | D:3      | Reached XP level 6. HP: 13/44 MP: 6/6
  3925 | D:4      | Reached skill level 7 in Polearms
  4042 | D:4      | You fall into a shaft and drop 2 floors!
  4051 | D:5      | Entered Level 5 of the Dungeon
  4051 | D:5      | Noticed an ogre
  4061 | D:5      | Killed an ogre
  4061 | D:5      | Reached XP level 7. HP: 39/50 MP: 7/7
  4079 | D:5      | Found Unaocro's Magic Scroll Emporium.
  4105 | D:5      | Reached skill level 8 in Polearms
  4111 | D:5      | Bought 3 scrolls of identify for 66 gold pieces
  4402 | D:5      | Reached skill level 1 in Shields
  4796 | D:4      | Reached skill level 1 in Armour
  4796 | D:4      | Reached XP level 8. HP: 19/57 MP: 8/8
  4936 | D:4      | Found a blossoming altar of Fedhas.
  4937 | D:4      | Found a glowing golden altar of the Shining One.
  5190 | D:4      | Got a dazzling ring mail
  5201 | D:4      | Identified the cursed +1 ring mail of Makhleb's Benevolence
                  | {rF+ Str-2 Dex+3} (You found it on level 4 of the Dungeon)
  5331 | D:5      | Found Xeamu's Distillery.
  5355 | D:5      | Killed themself with a badly aimed iceblast

Levels and vault maps discovered:
D:1:      evilmike_arrival_rings, layout_loops_ring
D:2:      layout_basic, first_ration, uniq_robin
D:3:      layout_basic, guppyfry_early_orc_mine
D:4:      layout_gridville, gammafunk_temple_overflow_pools
D:5:      layout_cave_pools, nicolae_ru_great_annihilating_truth, serial_shops,
          shop, shop, shop, nicolae_shop_trees, fedhas_ov_isle_minmay
D:6:      layout_gridville, minmay_temple_entry_metal_lava,
          gup_sewer_entry_pipe, serial_shops, kennysheep_mini

Skill      XL: |  1  2  3  4  5  6  7 |
---------------+----------------------+-----
Polearms       | 4 5 6 7 8 |  8.0
Shields        | 2 |  2.5
Armour         | 1 |  1.8
Fighting       | |  2.3
Throwing       | |  2.3
Dodging        | |  3.2

Action                   |  1- 3 |  4- 6 |  7- 9 || total
-------------------------+-------+-------+-------++-------
Melee: Trident           |   118 |   239 |   163 ||   520
 Fire: Hunting sling     |       |     9 |       ||     9
Evoke: Wand              |       |     4 |     5 ||     9
  Use: Scroll            |       |     2 |     6 ||     8
       Potion            |       |     1 |       ||     1
 Stab: Sleeping          |     1 |     2 |       ||     3
  Eat: Chunk             |     2 |     8 |     5 ||    15
Armor: Leather armour    |    26 |     4 |       ||    30
       Scale mail        |       |    51 |    10 ||    61
       Chain mail        |       |       |    52 ||    52
Dodge: Dodged            |    59 |    97 |    49 ||   205
Block: Buckler           |       |       |    22 ||    22

Table legend:
 A = Non-vault XP
 B = Vault XP
 C = Vault XP percentage of total XP
 D = Non-vault monster count
 E = Vault monster count
 F = Vault count percentage of total count
                 A         B        C        D         E       F
            +---------+---------+-------+---------+---------+-------
      Total |    1095 |      46 |   4.0 |     109 |      15 |  12.1
            +---------+---------+-------+---------+---------+-------
        D:1 |      28 |       0 |   0.0 |      17 |       0 |   0.0
        D:2 |      63 |      29 |  31.5 |      19 |       8 |  29.6
        D:3 |     281 |      17 |   5.7 |      33 |       7 |  17.5
        D:4 |     237 |       0 |   0.0 |      16 |       0 |   0.0
        D:5 |     486 |       0 |   0.0 |      24 |       0 |   0.0
            +---------+---------+-------+---------+---------+-------
